 Dungeon Sprint DCSS version 0.21.1-1-g345015f (webtiles) character file.

83 Fang the Chopper (level 4, -6/47 HPs)
             Began as a Minotaur Berserker on Apr 23, 2018.
             Was a Believer of Trog.
             Killed from afar by a burning bush (14 damage)
             ... with a puff of flame
             ... in the Dungeon (Sprint IV: "Fedhas' Mad Dash").
             The game lasted 00:00:47 (1023 turns).

Fang the Chopper (Minotaur Berserker)               Turns: 1023, Time: 00:00:48

Health: -6/47      AC:  2    Str: 23    XL:     4   Next: 22%
Magic:  3/3        EV: 13    Int:  4    God:    Trog [**....]
Gold:   86         SH:  0    Dex:  9    Spells: 3/3 levels left

rFire    . . .     SeeInvis .   a - +0 hand axe
rCold    . . .     Gourm    .   (no shield)
rNeg     . . .     Faith    .   b - +0 animal skin
rPois    .         Spirit   .   (helmet restricted)
rElec    .         Reflect  .   (no cloak)
rCorr    .         Harm     .   (no gloves)
MR       .....     NoTele   +   (no boots)
Stlth    +.........             j - amulet of invisibility {+Inv}
HPRegen  0.15/turn              (no ring)
MPRegen  0.08/turn              (no ring)

@: lethally poisoned (-6 -> -25)
A: retaliatory headbutt, horns 2
a: Berserk, Trog's Hand, Burn Spellbooks, Renounce Religion, Evoke Invisibility


You were in the Dungeon.
You worshipped Trog.
Trog was pleased with you.
You were near starving.

You visited 1 branch You collected 86 gold pieces.

Inventory:

Hand Weapons
 a - a +0 hand axe (weapon)
Armour
 b - a +0 animal skin (worn)
Jewellery
 j - the amulet of invisibility (around neck) {+Inv}
   (You found it in the Dungeon)

   [amulet of nothing]

   It lets you turn invisible.
Scrolls
 i - a scroll of blinking
Potions
 d - 2 potions of curing
 e - a potion of heal wounds
 f - a potion of haste
 g - 2 potions of magic
 h - a potion of berserk rage
Comestibles
 c - 2 rations


   Skills:
 + Level 7.0 Fighting
 + Level 7.1 Axes
 + Level 3.7 Armour
 + Level 4.2 Dodging
 + Level 0.3 Stealth


You had 3 spell levels left.
You didn't know any spells.

Dungeon Overview and Level Annotations

Branches:
Dungeon (1/1)

Altars:


Innate Abilities, Weirdness & Mutations

You reflexively headbutt those who attack you in melee.
You have a pair of horns on your head.


Message History

The killer bee poisons you!
Found 17 gold pieces and a runed spear.
A burning bush comes into view.
You feel sick. The burning bush throws fire at you. The puff of flame hits you!
The killer bee stings you.
You are more poisoned.
The killer bee poisons you!
Found 21 gold pieces.
A killer bee comes into view.
There is an open door here.
You're too hungry.
You barely miss the killer bee. Your headbutt misses the killer bee.
You feel sick. The killer bee stings you!
* * * LOW HITPOINT WARNING * * *
You are more poisoned.
The killer bee poisons you! The burning bush throws fire at you.
The puff of flame hits you!
You die...

##################
#<..P#.....#.....#
#PP..'.....'.#(..+
#PPPP#.....#.#...#
###############'##
#...♣........'...#
#%y...y♣.....#...#
y ♣y.♣..######
#@##### #$$$$+
#P)### ###


You could see a burning bush and 2 killer bees.

Vanquished Creatures
  2 oklob saplings (D)
  A worker ant (D)
  A river rat (D)
  A rat (D)
5 creatures vanquished.

Notes
Turn   | Place    | Note
-------+----------+-------------------------------------------
     0 | D        | Fang the Minotaur Berserker began the quest for the Orb.
     0 | D        | Reached XP level 1. HP: 19/19 MP: 0/0
     7 | D        | Reached XP level 2. HP: 11/28 MP: 1/1
   197 | D        | Noticed an oklob sapling
   547 | D        | Killed an oklob sapling
   547 | D        | Reached ** piety under Trog
   547 | D        | Reached skill level 5 in Fighting
   547 | D        | Reached skill level 5 in Axes
   547 | D        | Reached XP level 3. HP: 37/37 MP: 2/2
   551 | D        | Found the amulet of invisibility {+Inv}
   860 | D        | Noticed an oklob sapling
   868 | D        | Killed an oklob sapling
   868 | D        | Reached XP level 4. HP: 35/47 MP: 3/3
  1019 | D        | Noticed a queen bee
  1022 | D        | Noticed a burning bush
  1023 | D        | Killed from afar by a burning bush

Skill      XL: |  1  2  3 |
---------------+----------+-----
Fighting       | 4 5 7 |  7.0
Axes           | 4 5 7 |  7.1
Armour         | 3 |  3.7
Dodging        | 3 4 |  4.2
Stealth        | |  0.3

Action                   |  1- 3 |  4- 6 || total
-------------------------+-------+-------++-------
Melee: Hand axe          |    16 |     1 ||    17
       Headbutt          |     5 |       ||     5
Invok: Berserk           |     2 |       ||     2
Dodge: Dodged            |     7 |       ||     7
